 Dungeon Crawl Stone Soup version 0.17.0-23-g0de4337 (webtiles) character file.

64 RepoMan the Stinger (level 4, -3/33 HPs)
             Began as a Ghoul Venom Mage on Nov 13, 2015.
             Slain by a gnoll
             ... wielding a +0 whip
              (8 damage)
             ... on level 2 of the Dungeon.
             The game lasted 00:11:23 (1896 turns).

RepoMan the Stinger (Ghoul Venom Mage)              Turns: 1896, Time: 00:11:23

Health: -3/33      AC:  2    Str: 11    XL:     4   Next: 12%
Magic:  0/6        EV: 12    Int: 11    God:
Gold:   171        SH:  0    Dex:  9    Spells: 2 memorised, 3 levels left

rFire  . . .     SeeInvis .     (no weapon)
rCold  + . .     Clarity  .     a - +0 robe
rNeg   + + +     SustAt   .     (no shield)
rPois  ∞         Gourm    .     (no helmet)
rElec  .         Spirit   .     (no cloak)
rCorr  .         Warding  .     (no gloves)
rMut   .         Stasis   .     (no boots)
MR     .....                    (no amulet)
Stlth  ++........               (no ring)
                                (no ring)

@: about to teleport, flying, rotting, not resistant to hostile enchantments,
unstealthy
A: rotting body, claws 1, carnivore 3, cold resistance 1, negative energy
resistance 3, slow regeneration 1, torment resistance, unbreathing
a: no special abilities


You were on level 2 of the Dungeon.
You were not hungry.

You visited 1 branch of the dungeon, and saw 2 of its levels.

You collected 171 gold pieces.

Inventory:

Hand Weapons
 k - a +1 vampiric whip
Armour
 a - a +0 robe (worn)
Jewellery
 f - a cursed ring of teleportation {unknown}
 j - a cursed amulet of inaccuracy {unknown}
Scrolls
 d - a scroll of teleportation
 e - 3 scrolls of enchant armour {unknown}
 g - 3 scrolls of identify {unknown}
Potions
 i - a potion of flight
Books
 b - a Young Poisoner's Handbook

   Spells                             Type                      Level
   a - Sting                          Conjuration/Poison           1
   b - Cure Poison                    Poison                       2
   c - Mephitic Cloud                 Conjuration/Poison/Air       3
   d - Olgreb's Toxic Radiance        Poison                       4
   e - Venom Bolt                     Conjuration/Poison           5
Comestibles
 c - 4 meat rations
 l - 3 chunks of flesh


   Skills:
 - Level 1.7 Dodging
 - Level 2.1 Stealth
 + Level 2.2 Spellcasting
 + Level 1.1 Conjurations
 * Level 4.9 Poison Magic


You had 3 spell levels left.
You knew the following spells:

 Your Spells              Type           Power        Failure   Level  Hunger
a - Sting                 Conj/Pois      #...         10%         1    ##.....
d - Mephitic Cloud        Conj/Pois/Air  #.......     38%         3    ####...


Dungeon Overview and Level Annotations

Branches:
Dungeon (2/15)

Altars:
Beogh


Innate Abilities, Weirdness & Mutations

Your body is rotting away.
You thrive on raw meat.
You are immune to poison.
You have sharp fingernails.
You are carnivorous and can eat meat at any time.
Your flesh is cold resistant.
You are immune to negative energy.
You regenerate slowly when monsters are visible.
You are immune to unholy pain and torment.
You can survive without breathing.


Message History

Wield which item (- for none, * to show all)? (? for menu, Esc to quit)
Okay, then.
Unknown command.
Unknown command.
Read which item? (? for menu, Esc to quit)
As you read the scroll labeled NYSYUNKIVIJ, it crumbles to dust.
You feel blessed for a moment.
It was a scroll of remove curse.
The gnoll hits you with a whip.
Drink which item? (? for menu, Esc to quit)
It was a potion of flight.
You feel very buoyant.
You fly up into the air.
The gnoll hits you with a whip.
* * * LOW HITPOINT WARNING * * *
Read which item? (? for menu, Esc to quit)
As you read the scroll labeled MAPNIF OPHIA, it crumbles to dust.
You feel strangely unstable.
It was a scroll of teleportation.
You try to slip out of the net.
The gnoll hits you but does no damage. The gnoll closely misses you.
You slip out of the net!
The gnoll hits you with a whip!
You die...

....#...... ......)..
#....... #.....# #.....+
###+#.....# ##........#
##+##.
#.....)#.###......
+....@.#g#........
..###...g#g#.#........
.........'.#.'.......$
#........#####........
#........#####........
#........##...........
###......).##...........
#.......#...............
#.......#...............


You could see 2 gnolls.

Vanquished Creatures
  A gnoll (D:2)
  An adder (D:2)
  A worm (D:2)
  A giant gecko (D:2)
  A ball python (D:1)
  7 bats
  3 giant cockroaches
  6 hobgoblins
  7 kobolds
  5 giant newts (D:1)
  4 goblins (D:1)
  3 rats
40 creatures vanquished.

Notes
Turn   | Place    | Note
--------------------------------------------------------------
     0 | D:1      | RepoMan the Ghoul Venom Mage began the quest for the Orb.
     0 | D:1      | Reached XP level 1. HP: 14/14 MP: 2/2
    83 | D:1      | Found a roughly hewn altar of Beogh.
    83 | D:1      | Noticed an orc warrior
   173 | D:1      | Reached XP level 2. HP: 11/20 MP: 0/3
   920 | D:1      | Reached skill level 1 in Conjurations
   920 | D:1      | Reached XP level 3. HP: 25/25 MP: 3/5
   925 | D:1      | Learned a level 3 spell: Mephitic Cloud
  1859 | D:2      | Reached XP level 4. HP: 32/32 MP: 2/6
  1896 | D:2      | Slain by a gnoll

Action                   |  1- 3 |  4- 6 || total
-------------------------+-------+-------++-------
Melee: Unarmed           |    37 |       ||    37
 Cast: Sting             |    61 |     5 ||    66
  Use: Scroll            |       |     2 ||     2
       Potion            |       |     1 ||     1
  Eat: Chunk             |    14 |     1 ||    15
